 Dungeon Crawl Stone Soup version 0.29.1-15-g9cfb28693d (webtiles) character file.

Game seed: 649243490108418324

98 Hugehornet the Covered (level 4, -4/28 HPs)
             Began as a Gargoyle Fighter on Mar 21, 2023.
             Slain by an ogre
             ... wielding a +0 giant spiked club
              (27 damage)
             ... on level 3 of the Dungeon.
             The game lasted 00:03:12 (1768 turns).

Hugehornet the Covered (Gargoyle Fighter)           Turns: 1768, Time: 00:03:12

Health: -4/28      AC: 10    Str: 19    XL:     4   Next: 69%
Magic:  4/4        EV:  9    Int: 11    God:
Gold:   73         SH:  4    Dex:  9    Spells: 3/3 levels left

rFire   . . .      SeeInvis .   a - +0 war axe
rCold   . . .      Faith    .   c - +0 buckler
rNeg    + . .      Spirit   .   b - +0 scale mail
rPois   ∞          Reflect  .   (no helmet)
rElec   +          Harm     .   (no cloak)
rCorr   .          Rampage  .   (no gloves)
Will    .....                   (no boots)
Stlth   ..........              (no amulet)
HPRegen 0.09/turn               (no ring)
MPRegen 0.09/turn               (no ring)

@: mighty
A: sickness immunity, AC +3, negative energy resistance 1, electricity
resistance, torment resistance 1, petrification resistance
a: no special abilities


You were on level 3 of the Dungeon.
You visited 1 branch of the dungeon, and saw 3 of its levels.

You collected 127 gold pieces.
You spent 54 gold pieces at shops.

Inventory:

Hand Weapons
 a - a +0 war axe (weapon)
 t - a +0 flail
Armour
 b - a +0 scale mail (worn)
 c - a +0 buckler (worn)
Jewellery
 l - a ring of fire
Scrolls
 e - a scroll of amnesia {unknown}
 h - a scroll of summoning {unknown}
 i - 2 scrolls of identify {unknown}
 j - a scroll of enchant armour {unknown}
 m - a scroll of fear {unknown}
 q - a scroll of magic mapping {unknown}
Potions
 d - 3 potions of might
 f - 2 potions of magic {unknown}
 g - a potion of invisibility {unknown}
 k - a potion of flight {unknown}
 n - a potion of haste {unknown}
 o - a potion of brilliance {unknown}
 p - a potion of heal wounds {unknown}
 r - a potion of curing {unknown}
 s - 3 potions of lignification {unknown}
 u - 2 potions of resistance {unknown}


   Skills:
 - Level 3.2 Fighting
 + Level 3.2 Axes
 + Level 4.7 Armour
 - Level 3.2 Shields


You had 3 spell levels left.
You didn't know any spells.
Your spell library contained the following spells:

 Spells                   Type           Power      Damage    Failure   Level
 Ensorcelled Hibernation  Hex/Ice        0%         N/A       90%         2
 Spider Form              Tmut/Pois      0%         N/A       99%         3
 Anguish                  Hex/Necr       0%         N/A       100%        4
 Leda's Liquefaction      Hex/Erth       0%         N/A       100%        4
 Lee's Rapid Deconstruct  Erth           0%         3d5*      100%        5
 Statue Form              Tmut/Erth      Unusable   N/A       N/A         6

Dungeon Overview and Level Annotations

Branches:
Dungeon (3/15)

Altars:
Sif Muna

Shops:
D:1 *[


Innate Abilities, Weirdness & Mutations

You are immune to sickness and miasma.
Your stone body is resilient. (AC +3)
You are immune to poison.
You resist negative energy. (rN+)
You are resistant to electric shocks. (rElec)
You are resistant to unholy torment.
You are immune to petrification.


Message History

The adder bites you but does no damage. x2
You miss the adder.
The adder is severely wounded.
The adder barely misses you. The adder bites you.
You closely miss the adder.
The adder is severely wounded.
You block the adder's attack. The adder bites you but does no damage.
You closely miss the adder.
The adder is severely wounded.
The adder barely misses you.
You hit the adder.
You kill the adder!
No target in view!
HP restored.
You open the door.
An ogre and a frilled lizard come into view.
The ogre shouts!
The frilled lizard hisses angrily.
There are monsters nearby!
A kobold comes into view. It is wielding a +0 short sword.
The kobold shouts!
The frilled lizard barely misses you.
There is an open door here.
You feel very mighty all of a sudden. The frilled lizard bites you.
You closely miss the frilled lizard.
The frilled lizard bites you but does no damage.
You closely miss the frilled lizard.
The frilled lizard bites you but does no damage.
You barely miss the frilled lizard. The frilled lizard bites you. x2
You miss the frilled lizard. The frilled lizard misses you.
You barely miss the frilled lizard.
The frilled lizard bites you but does no damage.
The frilled lizard closely misses you.
You slash the frilled lizard!
You kill the frilled lizard!
You hit the ogre.
The ogre is lightly wounded.
The ogre hits you with a +0 giant spiked club!!
Ouch! That really hurt!
You die...

#........#...##
######..#####..###.##
#..<<......##.#####.#
#.####..##.......##.#
##...####<##.##.#
#.....# #..#.#.##
##...####.#...##
#........##.##
##@########... #O#
####. #K# # #...#
#.....# #.......#
#.........#
+.........+
#.........#


You could see an ogre and a kobold.

Vanquished Creatures
  3 gnolls (D:2)
  An adder (D:3)
  4 ball pythons
  6 bats
  9 endoplasms
  5 giant cockroaches
  4 goblins
  8 hobgoblins
  2 quokkas (D:2)
  3 frilled lizards
  4 kobolds
  4 rats
53 creatures vanquished.

Notes
Turn   | Place    | Note
-------+----------+-------------------------------------------
     0 | D:1      | Hugehornet the Gargoyle Fighter began the quest for the
                  | Orb.
     0 | D:1      | Reached XP level 1. HP: 14/14 MP: 1/1
   120 | D:1      | Found Yheffea's Antique Armour Shoppe.
   158 | D:1      | Reached XP level 2. HP: 19/19 MP: 2/2
   519 | D:1      | Found Coafir's Assorted Antiques.
   546 | D:1      | Reached XP level 3. HP: 23/23 MP: 3/3
   558 | D:1      | Bought a purple potion for 27 gold pieces
   656 | D:1      | Reached skill level 4 in Armour
   686 | D:1      | Bought a smoky grey potion for 27 gold pieces
   827 | D:2      | Found a shimmering blue altar of Sif Muna.
  1172 | D:2      | Reached XP level 4. HP: 16/28 MP: 4/4
  1757 | D:3      | Noticed an ogre
  1768 | D:3      | Slain by an ogre

Illustrated notes

Levels and vault maps discovered:
D:1:      minmay_arrival_solitary_statue, layout_basic, serial_shops,
          nicolae_shop_trees, nicolae_shop_trees
D:2:      layout_rooms, basic_altar, glass_columns_a, kennysheep_nondescript
D:3:      layout_loops_corners, nicolae_overflow_hidden_temple,
          mainiacjoe_overflow_paths, grunt_temple_overflow_champion_of_chaos

Skill      XL: |  1  2  3 |
---------------+----------+-----
Axes           | 2 3 |  3.2
Armour         | 4 |  4.7
Fighting       | |  3.2
Shields        | |  3.2

Action                   |  1- 3 |  4- 6 || total
-------------------------+-------+-------++-------
Melee: War axe           |    93 |    45 ||   138
  Use: Potion            |       |     1 ||     1
Armor: Scale mail        |    62 |    20 ||    82
Dodge: Dodged            |    53 |    24 ||    77
Block: Buckler           |    25 |     9 ||    34
